 Dungeon Crawl Stone Soup version 0.20.1-1-g8b1a95d (webtiles) character file.

671 Alelolelolen the Shield-Bearer (level 7, -15/62 HPs)
             Began as a Minotaur Fighter on Oct 24, 2017.
             Demolished by an orc warrior
             ... wielding a +0 great sword
              (16 damage)
             ... on level 6 of the Dungeon.
             The game lasted 00:06:22 (3925 turns).

Alelolelolen the Shield-Bearer (Minotaur Fighter)   Turns: 3925, Time: 00:06:23

Health: -15/62     AC:  7    Str: 23    XL:     7   Next: 32%
Magic:  6/6        EV:  9    Int:  5    God:
Gold:   51         SH: 10    Dex:  9    Spells: 6/6 levels left

rFire    . . .     SeeInvis .   a - +0 long sword
rCold    . . .     Gourm    .   c - +0 shield
rNeg     . . .     Faith    .   b - +0 scale mail
rPois    .         Spirit   .   (helmet restricted)
rElec    .         Reflect  .   (no cloak)
rCorr    .         Harm     .   (no gloves)
MR       .....                  (no boots)
Stlth    ..........             (no amulet)
Regen    0.2/turn               (no ring)
MPRegen  0.1/turn               (no ring)

@: no status effects
A: retaliatory headbutt, horns 2
a: no special abilities


You were on level 6 of the Dungeon.
You were not hungry.

You visited 1 branch of the dungeon, and saw 6 of its levels.

You collected 51 gold pieces.

Inventory:

Hand Weapons
 a - a +0 long sword (weapon)
Armour
 b - a +0 scale mail (worn)
 c - a +0 shield (worn)
Scrolls
 e - 4 scrolls of identify {unknown}
 g - 2 scrolls of remove curse {unknown}
 h - a scroll of fear {unknown}
 k - 2 scrolls of amnesia {unknown}
 l - a scroll of immolation {unknown}
 n - a scroll of enchant weapon {unknown}
Comestibles
 f - a bread ration
 j - a royal jelly


   Skills:
 + Level 5.8 Fighting
 + Level 5.1 Long Blades
 + Level 5.2 Armour
 - Level 2.0 Dodging
 - Level 0.1 Stealth
 + Level 6.4 Shields


You had 6 spell levels left.
You didn't know any spells.

Dungeon Overview and Level Annotations

Branches:
Dungeon (6/15)
 Temple: D:4-7

Altars:
Sif Muna
Trog

Annotations:
D:5 Eustachio


Innate Abilities, Weirdness & Mutations

You reflexively headbutt those who attack you in melee.
You have a pair of horns on your head.


Message History

You block the orc warrior's attack. You block the bullfrog's attack.
You hit the orc warrior but do no damage.
The orc warrior is heavily wounded.
The bullfrog barely misses you. You furiously retaliate!
You headbutt the bullfrog!
You kill the bullfrog!
You block the orc warrior's attack.
Your shield and scale mail prevent you from hitting the orc warrior.
The orc warrior is heavily wounded.
The orc warrior hits you with a great sword!
* * * LOW HITPOINT WARNING * * *
You closely miss the orc warrior. Your headbutt misses the orc warrior.
The orc warrior is heavily wounded.
The orc warrior barely misses you.
You riposte.
You hit the orc warrior. Your headbutt misses the orc warrior.
The orc warrior is severely wounded.
You closely miss the orc warrior. Your headbutt misses the orc warrior.
The orc warrior is severely wounded.
The orc warrior hits you with a great sword!
You die...

... ..# ... ..
..###.. # .....
#. .... .##..
..# ......#o#
......[@#
......)†.......
.....#.......##
$##. ...#....#
.. .....##+##
.. [..... .
......[
.........


You could see an orc warrior.

Vanquished Creatures
  A phantom (D:4)
  2 ogres (D:4)
  A bullfrog (D:6)
  A centaur zombie (D:5)
  An orc priest (D:6)
  A gnoll shaman (D:4)
  Jessica (D:3)
  An orc wizard (D:3)
  5 gnolls
  A howler monkey skeleton (D:4)
  6 adders
  An ooze (D:1)
  3 worms
  5 dart slugs
  A leopard gecko (D:2)
  10 orcs
  3 giant cockroaches
  6 goblins
  5 hobgoblins
  4 jackals (D:3)
  3 quokkas
  6 bats
  9 frilled lizards
  8 kobolds
  A quokka skeleton (D:4)
  5 rats
91 creatures vanquished.

Notes
Turn   | Place    | Note
-------+----------+-------------------------------------------
     0 | D:1      | Alelolelolen the Minotaur Fighter began the quest for the Orb.
     0 | D:1      | Reached XP level 1. HP: 19/19 MP: 0/0
   134 | D:1      | Reached XP level 2. HP: 27/27 MP: 1/1
   151 | D:1      | Reached skill level 4 in Shields
   310 | D:1      | Reached XP level 3. HP: 34/34 MP: 2/2
   966 | D:2      | Found a bloodstained altar of Trog.
  1188 | D:2      | Reached XP level 4. HP: 41/41 MP: 3/3
  1716 | D:3      | Reached skill level 5 in Fighting
  1742 | D:3      | Reached XP level 5. HP: 45/48 MP: 4/4
  2153 | D:3      | Noticed Jessica
  2163 | D:3      | Killed Jessica
  2386 | D:3      | Reached skill level 5 in Shields
  2508 | D:3      | Found a deep blue altar of Sif Muna.
  2696 | D:4      | Noticed an ogre
  2713 | D:4      | Killed an ogre
  2713 | D:4      | Reached skill level 1 in Dodging
  2713 | D:4      | Reached XP level 6. HP: 12/56 MP: 5/5
  3193 | D:4      | Reached skill level 5 in Armour
  3236 | D:4      | Reached skill level 6 in Shields
  3236 | D:4      | Reached XP level 7. HP: 36/61 MP: 6/6
  3791 | D:5      | Entered Level 5 of the Dungeon
  3832 | D:5      | Reached skill level 5 in Long Blades
  3871 | D:5      | Noticed Eustachio
  3923 | D:6      | HP: 1/62 [orc warrior/great sword (14)]
  3925 | D:6      | Demolished by an orc warrior

Skill      XL: |  1  2  3  4  5  6  7 |
---------------+----------------------+-----
Fighting       | 4 5 |  5.8
Shields        | 4 5 6 |  6.4
Long Blades    | 3 4 5 |  5.1
Armour         | 4 5 |  5.2
Dodging        | 1 2 |  2.0
Stealth        | |  0.1

Action                   |  1- 3 |  4- 6 |  7- 9 || total
-------------------------+-------+-------+-------++-------
Melee: Long sword        |    74 |   124 |    41 ||   239
       Headbutt          |    12 |    19 |    13 ||    44
  Use: Potion            |       |     1 |     3 ||     4
  Eat: Chunk             |       |     5 |       ||     5
       Bread ration      |       |     1 |       ||     1
Armor: Scale mail        |    29 |    43 |    12 ||    84
Dodge: Dodged            |    23 |    26 |    22 ||    71
Block: Shield            |    31 |    60 |    27 ||   118
       Rpst.: Long sword |     9 |     8 |    11 ||    28
